 Dungeon Crawl Stone Soup version 0.17.1-1-g73c8601 (webtiles) character file.

8567 Implojin the Grappler (level 11, -6/119 HPs)
             Began as a Troll Fighter on Apr 8, 2016.
             Was an Elder of Jiyva.
             Mangled by a wolf spider (20 damage)
             ... on level 3 of the Lair of Beasts.
             The game lasted 00:25:52 (3808 turns).

Implojin the Grappler (Troll Fighter)               Turns: 3808, Time: 00:25:52

Health: -6/119     AC:  5    Str: 21 (24) XL:     11   Next: 11%
Magic:  10/10      EV: 14    Int:  3 (5)  God:    Jiyva [****..]
Gold:   72         SH:  9    Dex: 18      Spells: 1 memorised, 8 levels left

rFire  . . .     SeeInvis .       - Unarmed
rCold  . . .     Clarity  .     a - +0 robe
rNeg   . . .     SustAt   .     b - +0 shield
rPois  .         Gourm    +     (helmet restricted)
rElec  .         Spirit   .     (no cloak)
rCorr  +         Warding  .     (gloves unavailable)
rMut   .         Stasis   .     (boots unavailable)
MR     +....                    (no amulet)
Stlth  +++.......               j - +3 ring of slaying
                                e - ring of protection from magic

@: agile, lethally poisoned (-6 -> -7), very slightly contaminated, hasted, very
quick, somewhat resistant to hostile enchantments, fairly stealthy
A: unfitting armour, claws 3, deterioration 2, fast metabolism 3, gourmand,
regeneration 2, shaggy fur 1, tough skin 2
a: Request Jelly, Jelly Paralyse, Slimify, Renounce Religion


You were on level 3 of the Lair of Beasts.
You worshipped Jiyva.
Jiyva was greatly pleased with you.
You were very full.

You visited 2 branches of the dungeon, and saw 15 of its levels.
You also visited: Ossuary.

You collected 72 gold pieces.

Inventory:

Armour
 a - a +0 robe (worn)
 b - a +0 shield (worn)
 F - a +1 robe of magic resistance
Magical Staves
 y - an uncursed staff of death {unknown}
 E - an uncursed staff of wizardry {unknown}
Jewellery
 e - a ring of protection from magic (left claw)
 j - a +3 ring of slaying (right claw)
 o - an uncursed ring of flight
 I - an uncursed ring of magical power {unknown}
Wands
 x - a wand of digging (18)
 A - a wand of disintegration (15)
 G - a wand of slowing (32)
Scrolls
 c - a scroll of noise
 f - 3 scrolls of remove curse
 l - 4 scrolls of teleportation
 p - a scroll of enchant weapon
 u - a scroll of fear
 v - a scroll of random uselessness
 w - a scroll of recharging
Potions
 g - 2 potions of curing
 h - a potion of brilliance
 i - a potion of lignification
 m - a potion of mutation
 n - a potion of magic
 q - 2 potions of cancellation
 r - 3 potions of heal wounds
 s - a potion of resistance
 z - a potion of agility
 B - a potion of poison
Books
 k - a book of Burglary

   Spells                             Type                      Level
   a - Swiftness                      Charms/Air                   2
   b - Passwall                       Transmutation/Earth          3
   c - Passage of Golubria            Translocation                4
   d - Lee's Rapid Deconstruction     Earth                        5
   e - Darkness                       Hexes                        6
   f - Invisibility                   Hexes                        6
 H - a book of Ice

   Spells                             Type                      Level
   a - Ice Form                       Ice/Transmutation            4
   b - Metabolic Englaciation         Hexes/Ice                    5
   c - Ozocubu's Refrigeration        Ice                          6
   d - Bolt of Cold                   Conjuration/Ice              6
   e - Freezing Cloud                 Conjuration/Ice/Air          6
   f - Simulacrum                     Ice/Necromancy               6
Comestibles
 d - 5 bread rations
 t - 4 meat rations
 D - 3 fruits


   Skills:
 * Level 10.7 Fighting
 - Level 2.4 Dodging
 - Level 2.4 Shields
 - Level 12.0 Unarmed Combat


You had 8 spell levels left.
You knew the following spells:

 Your Spells              Type           Power        Failure   Level  Hunger
a - Swiftness             Chrm/Air       #.......     100%        2    ###....


Dungeon Overview and Level Annotations

Branches:
Dungeon (12/15)              Lair (3/8) D:9             Orc (0/4) D:10
 Temple: D:4-7        Swamp: Lair:3-6    Shoals: Lair:3-6     Snake: Lair:3-6
 Spider: Lair:3-6

Altars:
Ashenzari
Cheibriados
Fedhas
Makhleb
Nemelex Xobeh
Trog
Zin
Jiyva

Shops:
D:5 *   D:7 (

Portals:
Trove: D:10 (give 2 potions of cure mutation)

Annotations:
D:5 JirkfaceJones's ghost, novice DEWz
D:9 Implojin's ghost, novice TrFi


Innate Abilities, Weirdness & Mutations

You are too large for most types of armour.
You have claws for hands.
Your metabolism is lightning-fast.
You like to eat raw meat.
You heal very quickly.
You are covered in fur (AC +1).
You have very tough skin (AC +2).
Your body often deteriorates upon taking damage.


Message History

* * * LOW HITPOINT WARNING * * *
Your body deteriorates!
You feel dopey.
You feel sick. You block the black mamba's attack.
You feel sick.
You feel sick.
Drink which item? (? for menu, Esc to quit)
You feel much better. The black mamba bites you!
* * * LOW HITPOINT WARNING * * *
Drink which item? (? for menu, Esc to quit)
You feel agile all of a sudden.
You feel sick.
The black mamba bites you but does no damage.
You block the black mamba's attack.
Unknown command.
Unknown command.
Unknown command.
You claw the black mamba!
The black mamba is heavily wounded.
You mangle the black mamba!!
The black mamba is almost dead.
You feel sick. The black mamba bites you!
* * * LOW HITPOINT WARNING * * *
You feel sick.
You barely miss the adder. You mangle the black mamba!!
You kill the black mamba!
You feel your dexterity returning.
You barely miss the adder.
You feel sick.
You claw the adder!
You kill the adder!
You closely miss the adder. You completely miss the komodo dragon.
The komodo dragon is almost dead.
You feel sick.
You scratch the komodo dragon.
You kill the komodo dragon!
You claw the wolf spider!
The wolf spider is moderately wounded.
The wolf spider hits you!!
You die...

#P........†###.##........
#P.........# ####..#.####
#P....##...# ....##
#....###..## ###.##
#....####.########..#
##...##.#..##.#.#..##
##.....#...........# #.
#.......Ss†........## #P..
##.......#@#........###.P..
#.....s#######............
##......## #.............
#........# ##............
##......## #............
#.$.....# ##............
######..## #.............
###...# ##............
..####PP†..##.#
#............


You could see a wolf spider and an adder.

Vanquished Creatures
  Pikel (D:7)
  4 hill giants
  A black mamba (Lair:3)
  A spiny frog (Lair:2)
  A komodo dragon (Lair:3)
  A fire drake (D:9)
  A troll (D:10)
  3 yaks (Lair:3)
  A deep elf mage (D:9)
  A steam dragon (D:11)
  A hippogriff (D:8)
  2 wolves (Lair:3)
  2 porcupines (Lair:3)
  A slave (D:7)
  5 ogres
  2 orc warriors
  2 ice beasts
  2 centaurs
  The ghost of elicash the Conjurer, an amateur DECj (D:3)
  A crocodile (D:10)
  4 big kobolds
  2 giant frogs
  2 gnoll sergeants
  3 water moccasin zombies
  A wyvern zombie (D:10)
  A scorpion (D:4)
  3 wights (D:11)
  5 killer bees (D:7)
  2 hounds (D:9)
  5 crimson imps
  A quasit (D:6)
  12 orc wizards (D:8)
  An orc priest (D:8)
  3 giant frog skeletons
  A gnoll shaman (D:4)
  4 worker ants
  5 iguanas
  4 big kobold zombies (Ossuary)
  A hound zombie (D:6)
  2 mummies (Ossuary)
  2 worker ant zombies
  10 adders
  6 gnolls
  2 river rats (D:5)
  A shadow imp (D:5)
  2 oozes
  5 adder zombies (Ossuary)
  A worm (D:3)
  2 giant geckos
  18 orcs
  A ball python (D:3)
  5 bats
  2 giant cockroaches
  10 hobgoblins
  10 kobolds
  5 quokkas
  A giant cockroach zombie (D:5)
  A giant gecko skeleton (D:5)
  A giant newt (D:1)
  3 gnoll zombies (Ossuary)
  7 goblins
  4 hobgoblin zombies (Ossuary)
  14 jackals
  2 kobold zombies (Ossuary)
  6 orc zombies (Ossuary)
  15 rats
232 creatures vanquished.

Vanquished Creatures (others)
  A water moccasin (D:10)
  A sky beast (D:10)
  A spider (D:10)
  A giant frog (D:7)
  A giant frog skeleton (D:10)
  8 jellies
  An orc wizard (D:8)
  A worker ant (D:8)
  A gnoll (D:4)
  5 orcs (D:10)
  A quokka (D:10)
  2 kobolds (D:11)
  2 fungi (Lair:3)
26 creatures vanquished.

Grand Total: 258 creatures vanquished

Notes
Turn   | Place    | Note
--------------------------------------------------------------
     0 | D:1      | Implojin the Troll Fighter began the quest for the Orb.
     0 | D:1      | Reached XP level 1. HP: 22/22 MP: 0/0
    95 | D:1      | Reached XP level 2. HP: 29/29 MP: 1/1
    98 | D:1      | Reached skill level 3 in Unarmed Combat
   138 | D:2      | Found a shattered altar of Ashenzari.
   220 | D:3      | Noticed elicash's ghost (amateur DECj)
   238 | D:3      | HP: 1/29 [elicash's ghost (10)]
   240 | D:3      | Killed elicash's ghost
   240 | D:3      | Reached skill level 4 in Unarmed Combat
   240 | D:3      | Reached XP level 3. HP: 1/36 MP: 2/2
   240 | D:3      | Reached XP level 4. HP: 1/44 MP: 3/3
   299 | D:3      | Found a glowing silver altar of Zin.
   325 | D:3      | Found a blossoming altar of Fedhas.
   458 | D:3      | Reached skill level 5 in Unarmed Combat
   579 | D:4      | Reached XP level 5. HP: 26/50 MP: 4/4
   772 | D:4      | Reached skill level 6 in Unarmed Combat
   788 | D:5      | Entered Level 5 of the Dungeon
   788 | D:5      | Found a bloodstained altar of Trog.
   788 | D:5      | Noticed an ogre
   871 | D:5      | Killed an ogre
   871 | D:5      | Reached XP level 6. HP: 35/59 MP: 5/5
  1066 | D:6      | You fall through a shaft for 2 floors!
  1067 | D:8      | Noticed a hippogriff
  1075 | D:8      | Killed a hippogriff
  1075 | D:8      | Reached skill level 7 in Unarmed Combat
  1142 | D:8      | Reached XP level 7. HP: 58/66 MP: 6/6
  1180 | D:8      | Reached skill level 8 in Unarmed Combat
  1263 | D:7      | Found Vacucwys's Weapon Boutique.
  1274 | D:7      | Found a burning altar of Makhleb.
  1390 | D:7      | Noticed Pikel
  1428 | D:7      | Killed Pikel
  1428 | D:7      | Reached skill level 10 in Unarmed Combat
  1428 | D:7      | Reached XP level 8. HP: 7/74 MP: 7/7
  1529 | D:6      | Noticed an orc warrior
  1554 | D:5      | Killed an orc warrior
  1557 | D:5      | Found a sand-covered staircase.
  1564 | Ossuary  | Entered an ossuary
  1623 | Ossuary  | Reached skill level 11 in Unarmed Combat
  1748 | D:5      | Found Kicoqoed's General Store.
  1753 | D:5      | Noticed JirkfaceJones's ghost (novice DEWz)
  2133 | D:4      | Reached XP level 9. HP: 57/80 MP: 8/8
  2142 | D:4      | Found a viscous altar of Jiyva.
  2149 | D:4      | Became a worshipper of Jiyva Jitaesm the Shapeless
  2309 | D:7      | Reached skill level 12 in Unarmed Combat
  2371 | D:8      | Reached skill level 3 in Fighting
  2434 | D:10     | Entered Level 10 of the Dungeon
  2434 | D:10     | Noticed a hill giant
  2442 | D:10     | Killed a hill giant
  2442 | D:10     | Reached skill level 4 in Fighting
  2452 | D:10     | Reached skill level 5 in Fighting
  2500 | D:10     | Reached * piety under Jiyva
  2548 | D:10     | Found a staircase to the Orcish Mines.
  2566 | D:10     | Reached skill level 6 in Fighting
  2664 | D:11     | Reached skill level 7 in Fighting
  2664 | D:11     | Reached XP level 10. HP: 55/102 MP: 9/9
  2750 | D:10     | Noticed a hill giant
  2758 | D:10     | Killed a hill giant
  2804 | D:10     | Noticed a hill giant
  2808 | D:10     | Reached ** piety under Jiyva
  2813 | D:10     | Killed a hill giant
  2813 | D:10     | Reached skill level 8 in Fighting
  2934 | D:11     | Reached *** piety under Jiyva
  2960 | D:11     | Gained mutation: Your body sometimes deteriorates upon taking damage. [Jiyva's grace]
  3064 | D:10     | Found a portal to a secret trove of treasure.
  3072 | D:10     | Reached **** piety under Jiyva
  3274 | D:8      | Found a snail-covered altar of Cheibriados.
  3315 | D:8      | Gained mutation: Your body often deteriorates upon taking damage. [Jiyva's grace]
  3328 | D:9      | Noticed a deep elf mage
  3334 | D:9      | Killed a deep elf mage
  3334 | D:9      | Reached skill level 9 in Fighting
  3419 | D:9      | Found a sparkling altar of Nemelex Xobeh.
  3421 | D:9      | Noticed Implojin's ghost (novice TrFi)
  3431 | D:9      | Noticed a yak
  3571 | D:9      | Found a staircase to the Lair.
  3572 | D:9      | Noticed a fire drake
  3580 | D:9      | Killed a fire drake
  3597 | D:9      | Noticed a hill giant
  3603 | D:9      | Killed a hill giant
  3622 | Lair:1   | Entered Level 1 of the Lair of Beasts
  3661 | Lair:2   | Reached skill level 10 in Fighting
  3696 | Lair:3   | Learned a level 2 spell: Swiftness
  3735 | Lair:3   | Reached XP level 11. HP: 50/119 MP: 10/10
  3772 | Lair:3   | Noticed a wolf spider
  3773 | Lair:3   | Noticed a black mamba
  3802 | Lair:3   | Killed a black mamba
  3808 | Lair:3   | Mangled by a wolf spider

Action                   |  1- 3 |  4- 6 |  7- 9 | 10-12 || total
-------------------------+-------+-------+-------+-------++-------
Melee: Unarmed           |    50 |   138 |   371 |   199 ||   758
  Use: Potion            |     1 |     1 |       |     5 ||     7
       Scroll            |       |     4 |     6 |     8 ||    18
 Stab: Distracted        |       |       |       |     1 ||     1
  Eat: Chunk             |       |    13 |    15 |     5 ||    33

Table legend:
 A = Turns spent in this place as a percentage of turns spent in the entire game.
 B = Non-inter-level travel turns spent in this place as a percentage of non-inter-level travel turns spent in the entire game.
 C = Inter-level travel turns spent in this place as a percentage of turns spent in this place.
 D = Turns resting spent in this place as a percentage of non-inter-level travel turns spent in this place.
 E = Turns spent auto-exploring this place as a percentage of non-inter-level travel turns spent in this place.
 F = Non-inter-level travel turns spent in this place divided by the number of levels of this place that you've seen.
                   A       B       C       D       E      F
               +-------+-------+-------+-------+-------+----------------------
         Total | 100.0 | 100.0 |   0.0 |   0.0 |   0.0 | 236.2
       Dungeon |  90.3 |  90.3 |   0.0 |   0.0 |   0.0 | 284.2
          Lair |   5.1 |   5.1 |   0.0 |   0.0 |   0.0 |  63.7
       Ossuary |   4.7 |   4.7 |   0.0 |   0.0 |   0.0 | 177.0
               +-------+-------+-------+-------+-------+----------------------

Table legend:
 A = Kills in this place as a percentage of kills in entire the game.
 B = Kills by you in this place as a percentage of kills by you in the entire game.
 C = Kills by friends in this place as a percentage of kills by friends in the entire game.
 D = Other kills in this place as a percentage of other kills in the entire game.
 E = Experience gained in this place as a percentage of experience gained in the entire game.
 F = Experience gained in this place divided by the number of levels of this place that you have seen.
                   A       B       C       D       E      F
               +-------+-------+-------+-------+-------+----------------------
         Total | 100.0 | 100.0 |  -nan | 100.0 | 100.0 | 764.9
       Dungeon |  81.9 |  81.8 |  -nan | 100.0 |  75.8 | 773.2
          Lair |   6.0 |   6.1 |  -nan |   0.0 |  21.4 | 873.0
       Ossuary |  12.1 |  12.1 |  -nan |   0.0 |   2.8 | 341.0
               +-------+-------+-------+-------+-------+----------------------
